 Dungeon Crawl Stone Soup version 0.20.1-1-g8b1a95d (webtiles) character file.

84 slep the Skirmisher (level 4, -1/35 HPs)
             Began as a Demonspawn Fighter on Oct 27, 2017.
             Killed from afar by an orc wizard (4 damage)
             ... with a puff of flame
             ... on level 3 of the Dungeon.
             The game lasted 00:07:50 (1393 turns).

slep the Skirmisher (Demonspawn Fighter)            Turns: 1393, Time: 00:07:53

Health: -1/35      AC: 11    Str: 16    XL:     4   Next: 24%
Magic:  4/4        EV:  4    Int: 10    God:
Gold:   86         SH:  9    Dex: 13    Spells: 3/3 levels left

rFire    . . .     SeeInvis .   a - +0 long sword
rCold    + . .     Gourm    .   c - +0 shield
rNeg     . . .     Faith    .   t - +2 chain mail {rPois}
rPois    +         Spirit   .   (no helmet)
rElec    .         Reflect  .   (no cloak)
rCorr    .         Harm     .   (no gloves)
MR       .....                  (no boots)
Stlth    ..........             (no amulet)
Regen    0.2/turn               l - +3 ring of slaying
MPRegen  0.1/turn               (no ring)

@: no status effects
A: cold resistance 1
a: no special abilities


You were on level 3 of the Dungeon.
You were not hungry.

You visited 1 branch of the dungeon, and saw 3 of its levels.

You collected 86 gold pieces.

Inventory:

Hand Weapons
 a - a +0 long sword (weapon)
Armour
 b - a +0 scale mail
 c - a +0 shield (worn)
 n - a +4 scale mail
 t - a +2 chain mail of poison resistance (worn)
Jewellery
 l - a +3 ring of slaying (left hand)
Scrolls
 g - 6 scrolls of remove curse {unknown}
 j - a scroll of teleportation {unknown}
 k - 3 scrolls of identify {unknown}
 r - a scroll of immolation {unknown}
 s - a scroll of random uselessness {unknown}
 w - a scroll of enchant weapon {unknown}
Potions
 d - a potion of might
 e - a potion of heal wounds {unknown}
 h - 3 potions of brilliance {unknown}
 i - a potion of curing {unknown}
 p - a potion of mutation {unknown}
 q - a potion of haste {unknown}
Comestibles
 f - 2 bread rations
 m - a royal jelly
 o - 5 chunks of flesh
 u - 3 fruits
 v - a meat ration


   Skills:
 + Level 3.4 Fighting
 + Level 2.4 Long Blades
 + Level 3.4 Armour
 + Level 0.3 Dodging
 + Level 3.2 Shields


You had 3 spell levels left.
You didn't know any spells.

Dungeon Overview and Level Annotations

Branches:
Dungeon (3/15)

Altars:
Kikubaaqudgha
Trog


Innate Abilities, Weirdness & Mutations

Your flesh is cold resistant. (rC+)


Message History

The orc wizard mumbles some strange words.
The orc wizard flickers and vanishes!
Deactivating autopickup; reactivate with Ctrl-A.
You closely miss the orc priest.
The orc priest looks encouraged for a moment.
You hit the orc priest.
The orc priest is heavily wounded.
Your chain mail prevents you from hitting the orc.
An orc comes into view. It is wielding a dagger.
You hit the orc.
The orc is heavily wounded.
The orc hits you but does no damage.
You slash the orc!
You kill the orc!
The orc priest mumbles some strange prayers to Beogh against you.
Beogh smites you!
* * * LOW HITPOINT WARNING * * *
A puff of flame appears from out of thin air!
The puff of flame hits you!
You die...

## #.#...### .# #...#....
.# ###...###
.#######.......#####.#
.....................#
########.......############
....##...### #.......o.
###. #...#####.###..##. #.
##.....@)o# # #. ########.#
#. #... #. ###.# .# #


You could see an orc priest.

Vanquished Creatures
  2 adders
  2 oozes (D:2)
  3 dart slugs
  3 leopard geckos
  An orc (D:3)
  6 bats
  2 goblins (D:1)
  6 hobgoblins
  5 jackals
  4 kobolds
  3 quokkas
  3 frilled lizards
  6 rats
46 creatures vanquished.

Notes
Turn   | Place    | Note
-------+----------+-------------------------------------------
     0 | D:1      | slep the Demonspawn Fighter began the quest for the Orb.
     0 | D:1      | Reached XP level 1. HP: 18/18 MP: 1/1
   123 | D:1      | Gained mutation: Your flesh is cold resistant. (rC+) [demonic ancestry]
   123 | D:1      | Reached XP level 2. HP: 13/24 MP: 2/2
   757 | D:2      | Reached XP level 3. HP: 29/29 MP: 3/3
   772 | D:2      | Found a bloodstained altar of Trog.
   773 | D:2      | Found an ancient bone altar of Kikubaaqudgha.
  1163 | D:3      | Reached XP level 4. HP: 34/35 MP: 4/4
  1393 | D:3      | Killed from afar by an orc wizard

Skill      XL: |  1  2 |
---------------+-------+-----
Armour         | 3 |  3.4
Long Blades    | 2 |  2.4
Shields        | 3 |  3.2
Fighting       | |  3.4
Dodging        | |  0.3

Action                   |  1- 3 |  4- 6 || total
-------------------------+-------+-------++-------
Melee: Long sword        |   131 |    20 ||   151
  Eat: Chunk             |     1 |     1 ||     2
Armor: Scale mail        |    60 |     2 ||    62
       Chain mail        |       |     9 ||     9
Dodge: Dodged            |    34 |     4 ||    38
Block: Shield            |    60 |    13 ||    73
       Rpst.: Long sword |    12 |     4 ||    16
